 Dungeon Crawl Stone Soup version 0.27-a0-1136-g0b992a5a9d (webtiles) character file.

Game seed: 7413446014650679896

17 DarkShadow the Shield-Bearer (level 2, 0/27 HPs)
             Began as a Minotaur Fighter on May 5, 2021.
             Frozen to death by an endoplasm (4 damage)
             ... on level 1 of the Dungeon.
             The game lasted 00:00:34 (67 turns).

DarkShadow the Shield-Bearer (Minotaur Fighter)       Turns: 67, Time: 00:00:35

Health: 0/27       AC:  7    Str: 20    XL:     2   Next: 44%
Magic:  1/1        EV:  7    Int:  5    God:
Gold:   0          SH:  9    Dex:  9    Spells: 1/1 levels left

rFire    . . .     SeeInvis .   a - +0 long sword
rCold    . . .     Faith    .   c - +0 kite shield
rNeg     . . .     Spirit   .   b - +0 scale mail
rPois    .         Reflect  .   (helmet restricted)
rElec    .         Harm     .   (no cloak)
rCorr    .         Rampage  .   (no gloves)
Will     .....                  (no boots)
Stlth    ..........             (no amulet)
HPRegen  0.09/turn              (no ring)
MPRegen  0.07/turn              (no ring)

@: no status effects
A: horns 2, retaliatory headbutt
a: no special abilities


You were on level 1 of the Dungeon.
You visited 1 branch of the dungeon, and saw 1 of its levels.

Inventory:

Hand Weapons
 a - a +0 long sword (weapon)
Armour
 b - a +0 scale mail (worn)
 c - a +0 kite shield (worn)
Potions
 d - a potion of might


   Skills:
 + Level 3.9 Fighting
 + Level 2.5 Long Blades
 + Level 3.8 Armour
 + Level 0.2 Dodging
 + Level 4.1 Shields


You had one spell level left.
You didn't know any spells.
Your spell library was empty.

Dungeon Overview and Level Annotations

Branches:
Dungeon (1/15)

Altars:


Innate Abilities, Weirdness & Mutations

You have a pair of horns on your head.
You reflexively headbutt those who attack you in melee.


Message History

The dart slug is almost dead.
The jackal bites you.
The jackal bites you but does no damage.
You block the jackal's attack. The dart slug launches a dart at you.
The slug dart hits you.
The jackal bites you but does no damage.
The jackal barely misses you.
You riposte.
You closely miss the jackal. You slash the jackal!
You kill the jackal!
You block the jackal's attack. The dart slug barely misses you.
The jackal bites you but does no damage.
An endoplasm comes into view.
Your Shields skill increases to level 4!
You hit the endoplasm but do no damage. You headbutt the endoplasm.
The endoplasm is lightly wounded.
You block the jackal's attack. The endoplasm freezes you.
You are frozen.
The dart slug barely misses you.
You riposte.
You hit the dart slug.
You kill the dart slug!
The jackal bites you but does no damage.
The endoplasm freezes you.
You are frozen.
You hit the endoplasm.
The endoplasm is almost dead.
The jackal bites you. The endoplasm freezes you.
You are frozen.
* * * LOW HITPOINT WARNING * * *
The jackal bites you.
* * * LOW HITPOINT WARNING * * *
The jackal bites you but does no damage.
Found a stone staircase leading down.
You slash the jackal!
You kill the jackal!
The endoplasm hits you but does no damage. x2
The endoplasm freezes you.
You are frozen.
You die...

.......≈# ####'####
.......≈####≈≈≈)≈≈≈####
.......≈≈≈≈≈≈≈≈.≈≈≈≈≈≈≈
.......................
............†..........
##.............#.##....
#...#..................
#.?......!.............
#.[..#J@...............
...# #†J..............
> ...........#..#..#
.......####......
.......... ##..
........... .#
...........
............


You could see 2 endoplasms.

Vanquished Creatures
  A dart slug (D:1)
  2 ball pythons (D:1)
  A bat (D:1)
  2 giant cockroaches (D:1)
  3 jackals (D:1)
  A quokka (D:1)
  A frilled lizard (D:1)
  A kobold (D:1)
  A rat (D:1)
13 creatures vanquished.

Notes
Turn   | Place    | Note
-------+----------+-------------------------------------------
     0 | D:1      | DarkShadow the Minotaur Fighter began the quest for the
                  | Orb.
     0 | D:1      | Reached XP level 1. HP: 19/19 MP: 0/0
    47 | D:1      | Reached XP level 2. HP: 24/27 MP: 1/1
    63 | D:1      | Reached skill level 4 in Shields
    67 | D:1      | Frozen to death by an endoplasm

Illustrated notes

Levels and vault maps discovered:
D:1:      heliophobic_arrival_glass_houses, layout_rooms,
          shapermc_ecumenical_altar_venn, wad_floor_pattern_untrapped

Skill      XL: |  1  2 |
---------------+-------+-----
Shields        | 4 |  4.1
Fighting       | |  3.9
Long Blades    | |  2.5
Armour         | |  3.8
Dodging        | |  0.2

Action                   || total
-------------------------++-------
Melee: Long sword        ||    27
       Headbutt          ||     7
Armor: Scale mail        ||    31
Dodge: Dodged            ||    12
Block: Kite shield       ||    25
       Rpst.: Long sword ||     6

Table legend: (Time is in decaauts)
 A = Elapsed time spent in this place.
 B = Non-inter-level travel time spent in this place.
 C = Inter-level travel time spent in this place.
 D = Time resting spent in this place.
 E = Time spent auto-exploring this place.
 F = Levels seen in this place.
 G = Mean time per level.
                   A        B        C        D        E       F      G
               +--------+--------+--------+--------+--------+-----+--------+
         Total |     80 |     80 |      0 |      0 |     24 |   1 |   80.0 |
       Dungeon |     80 |     80 |      0 |      0 |     24 |   1 |   80.0 |
               +--------+--------+--------+--------+--------+-----+--------+

Top non-repeatable levels by time:
     D:1: 80 daAuts
